 Dungeon Crawl Stone Soup version 0.30-a0-137-gd8773701ce (webtiles) character file.

Game seed: 15707550556546108949

52 Daxter95 the Firebug (level 3, -2/26 HPs)
             Began as a Draconian Fire Elementalist on Sept 23, 2022.
             Slain by an orc
             ... wielding a +0 hand axe
              (3 damage)
             ... on level 2 of the Dungeon.
             The game lasted 00:06:30 (2654 turns).

Daxter95 the Firebug (Draconian Fire Elementalist)  Turns: 2654, Time: 00:06:31

Health: -2/26      AC:  6    Str: 10    XL:     3   Next: 60%
Magic:  5/6        EV: 12    Int: 17    God:
Gold:   91         SH:  0    Dex: 11    Spells: 6/7 levels left

rFire   . . .      SeeInvis .    (no weapon)
rCold   . . .      Faith    .    (no shield)
rNeg    . . .      Spirit   .    (body armour unavailable)
rPois   .          Reflect  .    (helmet restricted)
rElec   .          Harm     .    (no cloak)
rCorr   .          Rampage  .    h - +0 pair of gloves
Will    .....                    (no boots)
Stlth   ++........               c - amulet of magic regeneration
HPRegen 0.08/turn                (no ring)
MPRegen 0.50/turn                (no ring)

@: very slightly contaminated
A: AC +5, unfitting armour, cold-blooded
a: no special abilities


You were on level 2 of the Dungeon.
You visited 1 branch of the dungeon, and saw 4 of its levels.

You collected 91 gold pieces.

Inventory:

Armour
 h - a +0 pair of gloves (worn)
Jewellery
 c - an amulet of magic regeneration (around neck)
 l - a +6 ring of intelligence
 o - a ring of magical power
Scrolls
 g - a scroll of noise {unknown}
 i - a scroll of poison {unknown}
 k - a scroll of summoning {unknown}
 m - 2 scrolls of identify {unknown}
 n - a scroll of teleportation {unknown}
Potions
 a - a potion of magic
 b - a potion of brilliance {unknown}
 d - 3 potions of curing {unknown}
 e - a potion of resistance {unknown}
 f - a potion of cancellation {unknown}
 j - a potion of invisibility {unknown}


   Skills:
 + Level 2.2 Dodging
 + Level 2.0 Stealth
 + Level 2.5 Spellcasting
 + Level 1.4 Conjurations
 + Level 3.5 Fire Magic


You had 6 spell levels left.
You knew the following spells:

 Your Spells              Type           Power      Damage    Failure   Level
a - Foxfire               Conj/Fire      40%        2x1d6     7%          1

Your spell library contained the following spells:

 Spells                   Type           Power      Damage    Failure   Level
 Scorch                   Fire           28%        2d6       6%          2
 Inner Flame              Hex/Fire       8%         N/A       26%         3
 Blink                    Tloc           4%         N/A       28%         2
 Kindle Blastsparks       Fire/Tloc/Air  12%        2d11      32%         3
 Dazzling Flash           Conj/Hex       8%         N/A       38%         3
 Lesser Beckoning         Tloc           2%         N/A       50%         3
 Flame Wave               Conj/Fire      10%        2d6       54%         4
 Iskenderun's Mystic Bla  Conj/Tloc      4%         2d3       80%         4
 Manifold Assault         Tloc           2%         N/A       88%         4
 Starburst                Conj/Fire      5%         6d4       100%        6
 Summon Cactus Giant      Summ           1%         N/A       100%        6


Dungeon Overview and Level Annotations

Branches:
Dungeon (4/15)
 Temple: D:4-7

Altars:
Hepliaklqana


Innate Abilities, Weirdness & Mutations

Your plain brown scales are hard. (AC +5)
You cannot fit into any form of body armour.
You are cold-blooded and may be slowed by cold attacks.


Message History

You closely miss the orc.
Your tail-slap misses the orc.
The orc is severely wounded.
The orc barely misses you.
You hit the orc but do no damage.
The orc is severely wounded.
The orc hits you but does no damage.
You hit the orc but do no damage.
The orc is severely wounded.
The orc closely misses you.
You are too injured to fight recklessly!
Okay, then.
You are too injured to fight recklessly!
You are too injured to fight recklessly!
You are too injured to fight recklessly!
Casting: Foxfire (safe; 7% risk of failure)
Confirm with . or Enter, or press ? or * to list all spells.
You conjure some foxfire!
The orc hits you but does no damage.
Your foxfire dissipates!
Casting: Foxfire (safe; 7% risk of failure)
Confirm with . or Enter, or press ? or * to list all spells.
You miscast Foxfire.
You are very lightly contaminated with residual magic.
Nothing appears to happen.
The orc hits you but does no damage.
Casting: Foxfire (safe; 7% risk of failure)
Confirm with . or Enter, or press ? or * to list all spells.
You conjure some foxfire!
The orc hits you but does no damage.
You hit the orc but do no damage. You tail-slap the orc.
The orc is almost dead.
The orc closely misses you.
You barely miss the orc.
The orc is almost dead.
The orc hits you with a +0 hand axe.
* * * LOW HITPOINT WARNING * * *
Your foxfire dissipates!
Casting: Foxfire (safe; 7% risk of failure)
Confirm with . or Enter, or press ? or * to list all spells.
You conjure some foxfire!
The orc hits you with a +0 hand axe.
* * * LOW HITPOINT WARNING * * *
The orc attacks as you move away! The orc hits you with a +0 hand axe.
You die...

.###.##.##............##..### #
........######.#.##.#.##..# #
.###.#### #.#>##.#.##..#######
#.....# #.#.##.#.##.........
.###..########.#.##..............
#............#[#.####.###.##.....
#.###.####.#.#.#.# #.# #.##.####
#.# #.# #.#.#.#o# #.# #.##.# #.#
#.# #.#.#.#@####.###.##.# #.# #.#
#.#...vv............# #.# #.#
#.################### #.# #.# #.#
..###.## #.# ################
####...# #.# ##.#..........>..
#.#.# #.# ##....############
#...# #.#####.....## #.###
#....<.......#


You could see an orc (ally target).

Vanquished Creatures
  An adder (D:2)
  A dart slug (D:2)
  2 orcs (D:3)
  7 bats
  3 endoplasms (D:1)
  3 giant cockroaches
  4 goblins
  4 hobgoblins
  2 quokkas
  3 ball pythons
  2 kobolds (D:1)
  4 rats
36 creatures vanquished.

Vanquished Creatures (others)
  93 foxfires
93 creatures vanquished.

Grand Total: 129 creatures vanquished

Notes
Turn   | Place    | Note
-------+----------+-------------------------------------------
     0 | D:1      | Daxter95 the Draconian Fire Elementalist began the quest
                  | for the Orb.
     0 | D:1      | Reached XP level 1. HP: 14/14 MP: 3/3
   514 | D:1      | Reached XP level 2. HP: 20/20 MP: 3/5
  1669 | D:2      | You fall into a shaft and drop 2 floors!
  1698 | D:3      | Reached XP level 3. HP: 26/26 MP: 6/6
  1799 | D:3      | Found a hazy altar of Hepliaklqana.
  2653 | D:2      | HP: 1/26 [orc/+0 hand axe (1)]
  2654 | D:2      | Slain by an orc

Illustrated notes

Levels and vault maps discovered:
D:1:      lightli_arrival_quake, layout_basic
D:2:      layout_loops_ring
D:3:      layout_basic, nicolae_hepliaklqana_hazy_memory
D:4:      layout_loops_corners, minmay_temple_entry_water_ring,
          nicolae_concentric_dashed_squares_mild, minmay_fire_ice_demons,
          uniq_robin

Skill      XL: |  1  2 |
---------------+-------+-----
Stealth        | 2 |  2.0
Dodging        | 2 |  2.2
Spellcasting   | |  2.5
Conjurations   | |  1.4
Fire Magic     | |  3.5

Action                   || total
-------------------------++-------
Melee: Unarmed           ||    47
       Tailslap          ||    11
 Cast: Foxfire           ||    72
Armor: Skin              ||    44
Dodge: Dodged            ||    68

Table legend: (Time is in decaauts)
 A = Elapsed time spent in this place.
 B = Non-inter-level travel time spent in this place.
 C = Inter-level travel time spent in this place.
 D = Time resting spent in this place.
 E = Time spent auto-exploring this place.
 F = Levels seen in this place.
 G = Mean time per level.
                   A        B        C        D        E       F      G
               +--------+--------+--------+--------+--------+-----+--------+
         Total |   2655 |   2580 |     75 |    297 |   1799 |   4 |  663.8 |
       Dungeon |   2655 |   2580 |     75 |    297 |   1799 |   4 |  663.8 |
               +--------+--------+--------+--------+--------+-----+--------+

Top non-repeatable levels by time:
     D:1: 1466 daAuts
     D:2: 884 daAuts
     D:3: 283 daAuts
     D:4: 20 daAuts
